 Dungeon Sprint DCSS version 0.31.0-12-g77e489cdc1 (webtiles) character file.

Game seed: 9661378989768922957

1185 Heoruswealwe the Impaler (level 8, -9/82 HPs)
             Began as a Minotaur Fighter on Feb 15, 2024.
             Was an Initiate of Gozag.
             Incinerated by a deep elf pyromancer (10 damage)
             ... with a pyre arrow
             ... in the Dungeon (Sprint IX: "|||||||||||||||||||||||||||||").
             The game lasted 00:02:24 (295 turns).

Heoruswealwe the Impaler (Minotaur Fighter)          Turns: 295, Time: 00:02:25

Health: -9/82      AC: 21    Str: 23    XL:     8   Next: 19%
Magic:  7/7        EV:  9    Int:  5    God:    Gozag
Gold:   558        SH:  0    Dex: 10    Spells: 7/7 levels left

rFire   . . .        b - +2 halberd (protect)
rCold   . . .        (shield currently unavailable)
rNeg    . . .        c - +1 chain mail
rPois   .            (helmet restricted)
rElec   .            (no cloak)
rCorr   .            (no gloves)
SInv    .            e - +0 pair of boots
Will    .....        (no amulet) Stlth
                     (no ring)
HPRegen 0.33/turn    (no ring)
MPRegen 0.10/turn

%: no teleportation
@: on fire, gold aura, under a protective aura, glowing
A: horns 2, retaliatory headbutt
a: Renounce Religion, Potion Petition, Call Merchant, Bribe Branch


You were in the Dungeon.
You worshipped Gozag.
Gozag was pleased with you.
You visited 1 branch You collected 558 gold pieces.

Inventory:

Hand Weapons
 a - a +0 trident
 b - a +2 halberd of protection (weapon)
Armour
 c - a +1 chain mail (worn)
 d - a +0 buckler
 e - a +0 pair of boots (worn)
Wands
 h - a wand of iceblast (10)
Scrolls
 j - 2 scrolls of blinking
Potions
 g - a potion of haste
 i - a potion of berserk rage
 k - a potion of might
 l - 5 potions of curing


   Skills:
 + Level 11.4 Fighting
 * Level 15.2 Polearms
 + Level 11.4 Armour
 - Level 3.6 Shields


You had 7 spell levels left.
You didn't know any spells.
Your spell library was empty.

Dungeon Overview and Level Annotations

Branches:
Dungeon (1/1)

Altars:
Cheibriados
Dithmenos
Elyvilon
Fedhas
Gozag
Hepliaklqana
Kikubaaqudgha
Makhleb
Nemelex Xobeh
Okawaru
Qazlal
Ru
Sif Muna
Trog
Uskayaw
Vehumet
Wu Jian
Xom
Yredelemnul
Zin
The Shining One
Jiyva
Lugonu


Innate Abilities, Weirdness & Mutations

You have a pair of horns on your head.
You reflexively headbutt those who attack you in melee.


Message History

The liquid fire burns you!
The deep elf pyromancer hits you but does no damage.
There is an open door, spattered with blood here.
You see here 81 gold pieces.
You slash the deep elf pyromancer!
The deep elf pyromancer is moderately wounded.
The liquid fire burns you!
The deep elf pyromancer casts a spell.
The deep elf pyromancer blinks!
The deep elf pyromancer is distracted by your dazzling golden aura.
The deep elf pyromancer shouts!
You slash the deep elf pyromancer!
The deep elf pyromancer is no longer distracted by gold.
Your headbutt misses the deep elf pyromancer.
The deep elf pyromancer is heavily wounded.
The liquid fire burns you!
The deep elf pyromancer gestures at you while chanting.
The pyre arrow hits you.
You are even more covered in intense liquid fire!
You slash the deep elf pyromancer!
The deep elf pyromancer is severely wounded.
The liquid fire burns you!
* * * LOW HITPOINT WARNING * * *
The slime creature is distracted by your dazzling golden aura.
The deep elf pyromancer points at you and mumbles some strange words.
The bolt of fire hits you!
* * * LOW HITPOINT WARNING * * *
The slime creature quivers.
You hit the deep elf pyromancer.
The deep elf pyromancer is almost dead.
The liquid fire burns you!
* * * LOW HITPOINT WARNING * * *
The slime creature is no longer distracted by gold.
Unknown command.
You barely miss the deep elf pyromancer.
You headbutt the deep elf pyromancer.
You kill the deep elf pyromancer!
The liquid fire burns you!
You die...
Your body crumbles into a pile of gold.

▓[▓
▓'▓
▓)▓
▓)▓
▓.▓
▓.▓
▓.▓
▓.▓
▓@▓
▓$▓
▓J▓
▓V▓
▓D▓
▓e▓
▓.▓
▓+▓


You could see a slime creature, a deep elf pyromancer, a vampire and an acid
dragon.

Vanquished Creatures
  A two-headed ogre (D)
  A deep elf pyromancer (D)
  A vampire (D)
  A wyvern (D)
  An acid dragon (D)
  A wight (D)
  A bombardier beetle (D)
  2 hounds (D)
  A sleepcap (D)
  An orc wizard (D)
  An orc (D)
  A ball python (D)
  2 bats (D)
  A hobgoblin (D)
  A frilled lizard (D)
17 creatures vanquished.

Vanquished Creatures (others)
  An orc wizard (D)
1 creature vanquished.

Grand Total: 18 creatures vanquished

Notes
Turn   | Place    | Note
-------+----------+-------------------------------------------
     0 | D        | Heoruswealwe the Minotaur Fighter began the quest for the
                  | Orb.
     0 | D        | Reached XP level 1. HP: 19/19 MP: 0/0
     7 | D        | Reached skill level 3 in Polearms
    22 | D        | Noticed a bombardier beetle
    22 | D        | Noticed a hound
    22 | D        | Noticed a sleepcap
    22 | D        | Noticed a hound
    27 | D        | Killed a bombardier beetle
    28 | D        | Reached skill level 5 in Fighting
    28 | D        | Reached skill level 5 in Polearms
    28 | D        | Reached skill level 5 in Armour
    28 | D        | Reached XP level 2. HP: 27/29 MP: 1/1
    28 | D        | Reached XP level 3. HP: 34/36 MP: 2/2
    31 | D        | Reached skill level 6 in Polearms
    38 | D        | Reached skill level 7 in Polearms
    38 | D        | Reached XP level 4. HP: 35/45 MP: 3/3
    40 | D        | Reached skill level 8 in Polearms
    45 | D        | Found a snail-covered altar of Cheibriados.
    45 | D        | Found a shadowy altar of Dithmenos.
    45 | D        | Found a white marble altar of Elyvilon.
    45 | D        | Found a blossoming altar of Fedhas.
    45 | D        | Found an opulent altar of Gozag.
    46 | D        | Found a hazy altar of Hepliaklqana.
    47 | D        | Found a viscous altar of Jiyva.
    48 | D        | Found an ancient bone altar of Kikubaaqudgha.
    49 | D        | Found a corrupted altar of Lugonu.
    50 | D        | Found a burning altar of Makhleb.
    51 | D        | Found a sparkling altar of Nemelex Xobeh.
    52 | D        | Found an iron altar of Okawaru.
    53 | D        | Became a worshipper of Gozag Ym Sagoz the Greedy
    54 | D        | Found a stormy altar of Qazlal.
    55 | D        | Found a sacrificial altar of Ru.
    56 | D        | Found a shimmering blue altar of Sif Muna.
    57 | D        | Found a bloodstained altar of Trog.
    58 | D        | Found a hide-covered altar of Uskayaw.
    59 | D        | Found a radiant altar of Vehumet.
    60 | D        | Found an ornate altar of the Wu Jian Council.
    61 | D        | Found a shimmering altar of Xom.
    62 | D        | Found a basalt altar of Yredelemnul.
    63 | D        | Found a glowing silver altar of Zin.
    64 | D        | Found a glowing golden altar of the Shining One.
   124 | D        | Noticed a two-headed ogre
   124 | D        | Noticed an acid dragon
   124 | D        | Noticed a wyvern
   132 | D        | Reached skill level 9 in Polearms
   132 | D        | Reached XP level 5. HP: 31/52 MP: 4/4
   137 | D        | Killed a two-headed ogre
   138 | D        | Reached skill level 10 in Fighting
   138 | D        | Reached skill level 13 in Polearms
   138 | D        | Reached skill level 10 in Armour
   138 | D        | Reached XP level 6. HP: 32/67 MP: 5/5
   138 | D        | Reached XP level 7. HP: 35/73 MP: 6/6
   260 | D        | Reached skill level 14 in Polearms
   264 | D        | Killed a wyvern
   265 | D        | Reached XP level 8. HP: 82/82 MP: 7/7
   282 | D        | Noticed a deep elf pyromancer
   282 | D        | Noticed a deep elf pyromancer
   282 | D        | Noticed a slime creature
   290 | D        | Reached skill level 15 in Polearms
   294 | D        | HP: 1/82 [burnt (8)]
   295 | D        | Killed a deep elf pyromancer
   295 | D        | Incinerated by a deep elf pyromancer

Illustrated notes

Levels and vault maps discovered:
D:        linesprint [early_d, line_temple, items_1, d_10, items_2, lair_1,
          lair_end, items_3, orc_1, orc_end, items_4, d_15, swamp_1, shoals_1,
          snake_1, spider_1, d_20, vaults_1, items_5, swamp_end, shoals_end,
          snake_end, spider_end, vaults_end, d_27, items_6, zot_1, zot_end,
          crypt_end, forest_end, elf_end, slime_end, tomb_end, abyss_end,
          pan_hell_end]

Skill      XL: |  1  2  3  4  5  6  7  8 |
---------------+-------------------------+-----
Polearms       | 5 7 9 13 14 15 | 15.2
Fighting       | 5 6 7 10 11 | 11.4
Armour         | 5 6 7 10 11 | 11.4
Shields        | |  3.6

Action                     |  1- 3 |  4- 6 |  7- 9 || total
---------------------------+-------+-------+-------++-------
  Melee: Trident           |    26 |     2 |       ||    28
         Headbutt          |     4 |     2 |     2 ||     8
         Halberd           |       |    10 |    25 ||    35
    Use: Potion            |       |     3 |       ||     3
 Armour: Scale mail        |    15 |     1 |       ||    16
         Chain mail        |       |     9 |    13 ||    22
  Dodge: Dodged            |    13 |     3 |     7 ||    23
  Block: Buckler           |     3 |       |       ||     3
